 Dungeon Crawl Stone Soup version 0.26-a0-652-gafc20e3620 (webtiles) character file.

Game seed: 15718857763059766136

128 Gargoyl the Skirmisher (level 5, -6/47 HPs)
             Began as a Gnoll Abyssal Knight on Oct 4, 2020.
             Was a Believer of Lugonu.
             Mangled by an ogre
             ... wielding a +0 giant club
              (14 damage)
             ... on level 4 of the Dungeon.
             The game lasted 00:04:07 (2064 turns).

Gargoyl the Skirmisher (Gnoll Abyssal Knight)       Turns: 2064, Time: 00:04:08

Health: -6/47      AC: 12    Str: 16    XL:     5   Next: 11%
Magic:  8/8        EV:  8    Int: 12    God:    Lugonu [**....]
Gold:   68         SH:  0    Dex: 14    Spells: 6/6 levels left

rFire    . . .     SeeInvis .   a - +1 hand axe
rCold    + . .     Faith    .   (no shield)
rNeg     . . .     Spirit   .   g - +0 chain mail
rPois    .         Reflect  .   d - +0 helmet
rElec    .         Harm     .   b - scarf {+Inv}
rCorr    .         Rampage  .   (no gloves)
MR       .....                  (no boots)
Stlth    ..........             (no amulet)
HPRegen  0.15/turn              e - ring of protection from cold
MPRegen  0.11/turn              (no ring)

@: very slightly contaminated, hasted, invisible, very quick
A: distributed training, fangs 1, slimy green scales 1, dopey 1, sense
surroundings 1, strong nose
a: Depart the Abyss, Bend Space, Renounce Religion


You were on level 4 of the Dungeon.
You worshipped Lugonu.
Lugonu was pleased with you.
You visited 1 branch of the dungeon, and saw 4 of its levels.
You visited the Abyss 1 time.

You collected 68 gold pieces.

Inventory:

Hand Weapons
 a - a +1 hand axe (weapon)
Armour
 b - a scarf of invisibility (worn)
 d - a +0 helmet (worn)
 g - a +0 chain mail (worn)
Jewellery
 e - a ring of protection from cold (left hand)
Scrolls
 i - 2 scrolls of identify
Potions
 f - 4 potions of stabbing


   Skills:
 + Level 6.6 Fighting
 + Level 1.3 Short Blades
 + Level 1.3 Long Blades
 + Level 4.7 Axes
 + Level 1.3 Maces & Flails
 + Level 1.3 Polearms
 + Level 1.3 Staves
 + Level 1.3 Slings
 + Level 1.3 Bows
 + Level 1.3 Crossbows
 + Level 1.3 Throwing
 + Level 4.7 Armour
 + Level 2.9 Dodging
 + Level 1.3 Stealth
 + Level 1.3 Shields
 + Level 1.3 Unarmed Combat
 + Level 1.3 Spellcasting
 + Level 1.1 Conjurations
 + Level 1.1 Hexes
 + Level 1.1 Summonings
 + Level 1.1 Necromancy
 + Level 1.1 Translocations
 + Level 1.1 Transmutations
 + Level 1.1 Fire Magic
 + Level 1.1 Ice Magic
 + Level 1.1 Air Magic
 + Level 1.1 Earth Magic
 + Level 1.1 Poison Magic
 + Level 4.8 Invocations
 + Level 1.3 Evocations


You had 6 spell levels left.
You didn't know any spells.
Your spell library was empty.

Dungeon Overview and Level Annotations

Branches:
Dungeon (4/15)
 Temple: D:4-7

Altars:
Yredelemnul

Annotations:
D:2 1 runed translucent door, Crazy Yiuf, Sigmund
D:3 Grinder
D:4 Eustachio


Innate Abilities, Weirdness & Mutations

Your experience applies equally to all skills.
You have very sharp teeth.
Your uncanny sense of smell can sniff out nearby items.
You are partially covered in slimy green scales. (AC +2)
You are dopey. (Int -2)
You passively map a small area around you.


Message History

Unknown command.
It was a potion of invisibility.
You fade into invisibility!
The howler monkey closely misses you.
You are very lightly contaminated with residual magic.
You hit the ogre. Your bite misses the ogre.
The ogre is lightly wounded.
You closely miss the howler monkey. The ogre hits you with a +0 giant club!
* * * LOW HITPOINT WARNING * * *
The howler monkey barely misses you.
Unknown command.
You hit the ogre. You bite the ogre.
The ogre is moderately wounded.
You hit the howler monkey.
The howler monkey hits you but does no damage.
Unknown command.
You hit the ogre but do no damage. You bite the ogre, but do no damage.
The ogre is moderately wounded.
You closely miss the howler monkey. The ogre hits you with a +0 giant club!
You die...

########
##@O....##
##.h......##
#..........#
#..........#
,
#..?..<....#
#..........#
#.......>..#
*
##........##
* * , *
#.?........
,


You could see an ogre and a howler monkey.

Vanquished Creatures
  An orc wizard (D:4)
  2 adders
  2 worms
  2 dart slugs
  4 orcs
  A ball python (D:1)
  3 giant cockroaches (D:1)
  12 goblins
  4 hobgoblins
  11 jackals
  5 bats
  3 frilled lizards
  10 kobolds
  7 rats
67 creatures vanquished.

Vanquished Creatures (others)
  A hound (D:4)
1 creature vanquished.

Grand Total: 68 creatures vanquished

Notes
Turn   | Place    | Note
-------+----------+-------------------------------------------
     0 | Abyss:1  | Gargoyl the Gnoll Abyssal Knight began the quest for the
                  | Orb.
     0 | Abyss:1  | Reached XP level 1. HP: 23/23 MP: 3/3
     4 | Abyss:1  | Found a corrupted altar of Lugonu.
    32 | Abyss:1  | Noticed a thrashing horror
    36 | D:1      | Escaped the Abyss
   136 | D:1      | Reached XP level 2. HP: 29/29 MP: 5/5
   158 | D:1      | Reached * piety under Lugonu
   507 | D:1      | Reached XP level 3. HP: 35/35 MP: 6/6
   742 | D:2      | Found a basalt altar of Yredelemnul.
   757 | D:2      | You fall into a shaft and drop 1 floor!
   863 | D:2      | Found a faded altar of an unknown god.
   984 | D:2      | Noticed Sigmund
  1016 | D:2      | Reached skill level 1 in Short Blades
  1016 | D:2      | Reached skill level 1 in Long Blades
  1016 | D:2      | Reached skill level 1 in Maces & Flails
  1016 | D:2      | Reached skill level 1 in Polearms
  1016 | D:2      | Reached skill level 1 in Staves
  1016 | D:2      | Reached skill level 1 in Slings
  1016 | D:2      | Reached skill level 1 in Bows
  1016 | D:2      | Reached skill level 1 in Crossbows
  1016 | D:2      | Reached skill level 1 in Throwing
  1016 | D:2      | Reached skill level 1 in Stealth
  1016 | D:2      | Reached skill level 1 in Shields
  1016 | D:2      | Reached skill level 1 in Unarmed Combat
  1016 | D:2      | Reached skill level 1 in Spellcasting
  1016 | D:2      | Reached skill level 1 in Evocations
  1131 | D:1      | Gained mutation: You are partially covered in slimy green
                  | scales. (AC +2) [potion of mutation]
  1131 | D:1      | Gained mutation: You are dopey. (Int -2) [potion of
                  | mutation]
  1131 | D:1      | Gained mutation: You passively map a small area around you.
                  | [potion of mutation]
  1254 | D:3      | Reached XP level 4. HP: 41/41 MP: 7/7
  1274 | D:3      | Noticed Grinder
  1348 | D:3      | Reached ** piety under Lugonu
  1708 | D:2      | Found a runed translucent door.
  1709 | D:2      | Noticed Crazy Yiuf
  1944 | D:2      | Reached skill level 1 in Conjurations
  1944 | D:2      | Reached skill level 1 in Hexes
  1944 | D:2      | Reached skill level 1 in Summonings
  1944 | D:2      | Reached skill level 1 in Necromancy
  1944 | D:2      | Reached skill level 1 in Translocations
  1944 | D:2      | Reached skill level 1 in Transmutations
  1944 | D:2      | Reached skill level 1 in Fire Magic
  1944 | D:2      | Reached skill level 1 in Ice Magic
  1944 | D:2      | Reached skill level 1 in Air Magic
  1944 | D:2      | Reached skill level 1 in Earth Magic
  1944 | D:2      | Reached skill level 1 in Poison Magic
  2019 | D:4      | Noticed Eustachio
  2020 | D:4      | Reached XP level 5. HP: 40/47 MP: 8/8
  2023 | D:3      | Paralysed by Grinder for 7 turns
  2032 | D:3      | Paralysed by Grinder for 4 turns
  2050 | D:3      | HP: 2/47 [howler monkey (4)]
  2053 | D:4      | Noticed an ogre
  2064 | D:4      | Mangled by an ogre

Illustrated notes

Levels and vault maps discovered:
D:1:      dpeg_arrival_boxes_within_box, layout_rooms
D:2:      layout_loops_cross, lemuel_doored_altar,
          chequers_ecumenical_altar_simple, st_stairs_5,
          hangedman_decor_growths, uniq_crazy_yiuf_cottage, uniq_sigmund
D:3:      layout_rooms, uniq_grinder
D:4:      layout_rooms, xom_confusion_cloud, uniq_ijyb, uniq_eustachio,
          uniq_pikel, uniq_robin, uniq_duvessa

Skill      XL: |  1  2  3  4 |
---------------+-------------+-----
Short Blades   | 1 |  1.3
Long Blades    | 1 |  1.3
Maces & Flails | 1 |  1.3
Polearms       | 1 |  1.3
Staves         | 1 |  1.3
Slings         | 1 |  1.3
Bows           | 1 |  1.3
Crossbows      | 1 |  1.3
Throwing       | 1 |  1.3
Stealth        | 1 |  1.3
Shields        | 1 |  1.3
Unarmed Combat | 1 |  1.3
Spellcasting   | 1 |  1.3
Evocations     | 1 |  1.3
Conjurations   | 1 |  1.1
Hexes          | 1 |  1.1
Summonings     | 1 |  1.1
Necromancy     | 1 |  1.1
Translocations | 1 |  1.1
Transmutations | 1 |  1.1
Fire Magic     | 1 |  1.1
Ice Magic      | 1 |  1.1
Air Magic      | 1 |  1.1
Earth Magic    | 1 |  1.1
Poison Magic   | 1 |  1.1
Fighting       | |  6.6
Axes           | |  4.7
Armour         | |  4.7
Dodging        | |  2.9
Invocations    | |  4.8

Action                   |  1- 3 |  4- 6 || total
-------------------------+-------+-------++-------
Melee: Hand axe          |   108 |    67 ||   175
       Bite              |    16 |    12 ||    28
Invok: Depart the Abyss  |     1 |       ||     1
  Use: Potion            |     3 |     4 ||     7
       Scroll            |     2 |     2 ||     4
 Stab: Sleeping          |     1 |       ||     1
Armor: Leather armour    |    33 |       ||    33
       Chain mail        |    36 |   134 ||   170
Dodge: Dodged            |    81 |    76 ||   157

Table legend: (Time is in decaauts)
 A = Elapsed time spent in this place.
 B = Non-inter-level travel time spent in this place.
 C = Inter-level travel time spent in this place.
 D = Time resting spent in this place.
 E = Time spent auto-exploring this place.
 F = Levels seen in this place.
 G = Mean time per level.
                   A        B        C        D        E       F      G
               +--------+--------+--------+--------+--------+-----+--------+
         Total |   2078 |   2060 |     18 |    278 |   1125 |   5 |  415.6 |
       Dungeon |   2042 |   2024 |     18 |    278 |   1105 |   4 |  510.5 |
         Abyss |     36 |     36 |      0 |      0 |     20 |   1 |   36.0 |
               +--------+--------+--------+--------+--------+-----+--------+

Top non-repeatable levels by time:
     D:2: 840 daAuts
     D:1: 801 daAuts
     D:3: 386 daAuts
 Abyss:1: 36 daAuts
     D:4: 14 daAuts
